 Dungeon Crawl Stone Soup version 0.24.0-123-gd5b16e6ec5 (webtiles) character file.

Game seed: 12737899129186852634, levelgen mode: deterministic

7396 Peloso the Carver (level 10, -1/90 HPs)
             Began as a Minotaur Fighter on Jan 25, 2020.
             Was an Elder of Okawaru.
             Slain by an ogre
             ... wielding a cursed -3 giant club
              (11 damage)
             ... on level 11 of the Dungeon.
             The game lasted 00:21:47 (10701 turns).

Peloso the Carver (Minotaur Fighter)               Turns: 10701, Time: 00:21:48

Health: -1/90      AC: 16    Str: 32    XL:     10   Next: 92%
Magic:  9/9        EV: 10    Int:  5    God:    Okawaru [****..]
Gold:   506        SH: 13    Dex: 11    Spells: 9/9 levels left

rFire    . . .     SeeInvis .   a - +0 long sword
rCold    + . .     Gourm    +   c - +0 shield
rNeg     . . .     Faith    .   C - +2 chain mail "Ofinlaept" {rC+ MR+}
rPois    .         Spirit   .   (helmet restricted)
rElec    .         Reflect  .   i - +0 cloak
rCorr    .         Harm     .   (no gloves)
MR       +....                  j - +0 pair of boots
Stlth    ..........             k - amulet of the gourmand
HPRegen  0.25/turn              B - +4 ring of strength
MPRegen  0.11/turn              (no ring)

@: mighty, hasted, very quick
A: retaliatory headbutt, horns 2
a: Heroism, Renounce Religion


You were on level 11 of the Dungeon.
You worshipped Okawaru.
Okawaru was greatly pleased with you.
You were not hungry.

You visited 2 branches of the dungeon, and saw 12 of its levels.
You also visited: Sewer.

You collected 562 gold pieces.
You spent 56 gold pieces at shops.

Inventory:

Hand Weapons
 a - a +0 long sword (weapon)
 r - a +0 spear of venom
Armour
 b - a +0 scale mail
 c - a +0 shield (worn)
 i - a +0 cloak (worn)
 j - a +0 pair of boots (worn)
 y - the +1 ring mail "Esous" {rN+ Regen+ Dex-2 Stlth+}
   (You found it on level 6 of the Dungeon)

   It affects your dexterity (-2).
   It protects you from negative energy.
   It increases your rate of regeneration.
   It makes you more stealthy.
 C - the +2 chain mail "Ofinlaept" (worn) {rC+ MR+}
   (You found it on level 7 of the Dungeon)

   It protects you from cold.
   It affects your resistance to hostile enchantments.
Jewellery
 k - an amulet of the gourmand (around neck)
 w - an uncursed amulet of guardian spirit
 B - a +4 ring of strength (left hand)
Wands
 q - a wand of flame (15)
 s - a wand of random effects (34)
 F - a wand of acid (6)
Scrolls
 g - 7 scrolls of remove curse
 h - a scroll of blinking {unknown}
 u - 3 scrolls of identify
 x - a scroll of random uselessness
 z - 3 scrolls of noise
 A - 2 scrolls of enchant weapon
 D - 2 scrolls of amnesia
 E - a scroll of magic mapping
 G - a scroll of fear {unknown}
Potions
 d - a potion of might
 l - 2 potions of haste
 m - 4 potions of flight
 n - a potion of agility
 o - 2 potions of magic
 p - 2 potions of mutation
 t - a potion of ambrosia
 v - 3 potions of curing
 H - 2 potions of brilliance
Comestibles
 f - 19 rations


   Skills:
 + Level 8.7 Fighting
 + Level 12.4 Long Blades
 + Level 9.7 Armour
 + Level 4.0 Dodging
 + Level 0.5 Stealth
 + Level 9.7 Shields
 + Level 1.2 Invocations


You had 9 spell levels left.
You didn't know any spells.
Your spell library was empty.

Dungeon Overview and Level Annotations

Branches:
Dungeon (11/15)            Temple (1/1) D:6            Lair (0/6) D:9
    Orc (0/2) D:9           Sewer (visited)

Altars:
Ashenzari
Cheibriados
Dithmenos
Elyvilon
Fedhas
Gozag
Hepliaklqana
Kikubaaqudgha
Makhleb
Nemelex Xobeh
Okawaru
Qazlal
Ru
Sif Muna
Trog
Uskayaw
Vehumet
Xom
Yredelemnul
Zin
The Shining One

Shops:
D:7 ?

Annotations:
D:6 exclusion: oklob plant
D:9 3 runed translucent doors, Xerdoz's ghost, novice OpTm; demivan's ghost, novice DDFi; demivan's ghost, novice MiFi


Innate Abilities, Weirdness & Mutations

You reflexively headbutt those who attack you in melee.
You have a pair of horns on your head.


Message History

You kill the bullfrog!
Okawaru accepts your kill.
The ice beast hits you but does no damage.
You block the hound's attack.
Your shield and chain mail "Ofinlaept" prevent you from hitting the ice beast.
The ice beast is heavily wounded.
The hound bites you but does no damage. You block the ice beast's attack.
Unknown command.
You barely miss the ice beast. Your headbutt misses the ice beast.
The ice beast is heavily wounded.
Unknown command.
You closely miss the ice beast.
The ice beast is heavily wounded.
An orc wizard comes into view. It is wielding a +0 trident.
The ice beast closely misses you. You furiously retaliate!
You headbutt the ice beast!!
You kill the ice beast!
Okawaru accepts your kill.
The ogre hits you with a cursed -3 giant club!
You die...

.....# ....##
.....### #######
.....o.### #%.[..#
.....#...####.....#
.....#.#u.........#
.....#...#..#.h...##
....#..#.##...u.)..#
......##.#######@#o#
..######.. #O# .
...# ##.#


o.o ...# o# #.... .. ...... ........ ######.## .. .## .# ... o##..## You could
see a green ugly thing, an orc warrior, an ogre, a hound and an orc.

Vanquished Creatures
  2 two-headed ogres
  Joseph (D:7)
  2 trolls
  Grinder (D:6)
  A spriggan (D:8)
  4 yaks
  A hungry ghost (D:7)
  A steam dragon (D:9)
  2 orc warriors (D:6)
  2 porcupines (D:9)
  A phantom (D:6)
  A sky beast (D:9)
  An ice beast (D:11)
  2 black bears
  8 ogres
  3 centaurs
  6 crocodiles
  6 bullfrogs
  4 scorpions
  A howler monkey (D:10)
  2 crimson imps (D:5)
  A bullfrog zombie (D:6)
  4 hounds
  A centaur skeleton (D:6)
  5 orc priests
  3 bullfrog skeletons
  3 iguanas
  10 orc wizards
  6 worker ants
  A hound zombie (D:5)
  3 hound skeletons
  12 adders
  7 gnolls (D:3)
  4 shadow imps
  An adder zombie (D:5)
  4 worms
  2 dart slugs (D:1)
  4 leopard geckos
  37 orcs
  12 bats
  8 giant cockroaches
  8 goblins
  8 hobgoblins
  8 jackals
  9 kobolds
  6 quokkas
  6 frilled lizards
  A leopard gecko zombie (D:6)
  6 rats
232 creatures vanquished.

Vanquished Creatures (others)
  4 fungi (D:9)
  A plant (D:9)
5 creatures vanquished.

Grand Total: 237 creatures vanquished

Notes
Turn   | Place    | Note
-------+----------+-------------------------------------------
     0 | D:1      | Peloso the Minotaur Fighter began the quest for the Orb.
     0 | D:1      | Reached XP level 1. HP: 19/19 MP: 0/0
   168 | D:1      | Reached XP level 2. HP: 26/27 MP: 1/1
   770 | D:1      | Reached skill level 3 in Long Blades
   770 | D:1      | Reached XP level 3. HP: 32/33 MP: 2/2
  1181 | D:2      | Reached XP level 4. HP: 40/40 MP: 3/3
  1225 | D:2      | Found an opulent altar of Gozag.
  2015 | D:3      | Reached skill level 4 in Long Blades
  2015 | D:3      | Reached XP level 5. HP: 7/46 MP: 4/4
  2382 | D:3      | Reached skill level 5 in Armour
  2382 | D:3      | Reached skill level 5 in Shields
  2418 | D:3      | Reached XP level 6. HP: 32/55 MP: 5/5
  2433 | D:3      | Reached skill level 1 in Dodging
  2466 | D:3      | Found a hide-covered altar of Uskayaw.
  2466 | D:3      | Noticed a +0 dagger
  2467 | D:3      | Noticed a +0 hand axe
  2647 | D:3      | Reached skill level 5 in Fighting
  2883 | D:3      | Reached skill level 5 in Long Blades
  3137 | D:4      | Found a glowing drain.
  3141 | Sewer    | Entered a sewer
  3213 | Sewer    | Reached skill level 6 in Long Blades
  3213 | Sewer    | Reached XP level 7. HP: 48/61 MP: 6/6
  3865 | D:5      | Entered Level 5 of the Dungeon
  4016 | D:5      | Reached skill level 7 in Long Blades
  4173 | D:5      | Found a shimmering blue altar of Sif Muna.
  4232 | D:5      | Reached XP level 8. HP: 31/69 MP: 7/7
  5045 | D:6      | Reached skill level 8 in Long Blades
  5076 | D:6      | Noticed Grinder
  5101 | D:6      | Paralysed by Grinder for 6 turns
  5109 | D:6      | Paralysed by Grinder for 2 turns
  5111 | D:6      | Killed Grinder
  5569 | D:6      | Got a brightly glowing ring mail
  5580 | D:6      | Identified the +1 ring mail "Esous" {rN+ Regen+ Dex-2
                  | Stlth+} (You found it on level 6 of the Dungeon)
  5627 | D:6      | Reached skill level 9 in Long Blades
  5682 | D:6      | Reached XP level 9. HP: 24/77 MP: 8/8
  6289 | D:6      | Found an ancient bone altar of Kikubaaqudgha.
  6289 | D:6      | Noticed an oklob plant
  6430 | D:6      | Found a staircase to the Ecumenical Temple.
  6435 | Temple   | Entered the Ecumenical Temple
  6442 | Temple   | Became a worshipper of Warmaster Okawaru
  6624 | D:7      | Got a polished chain mail
  6635 | D:7      | Identified the +2 chain mail "Ofinlaept" {rC+ MR+} (You
                  | found it on level 7 of the Dungeon)
  6662 | D:7      | Noticed Joseph
  6675 | D:7      | Killed Joseph
  6713 | D:7      | Reached * piety under Okawaru
  6713 | D:7      | Reached skill level 10 in Long Blades
  6821 | D:7      | Found Nehucw's Magic Scroll Shop.
  6824 | D:7      | Bought a scroll of random uselessness for 14 gold pieces
  6824 | D:7      | Bought a scroll of noise for 14 gold pieces
  6824 | D:7      | Bought a scroll of identify for 28 gold pieces
  6963 | D:7      | Noticed a two-headed ogre
  6983 | D:7      | Killed a two-headed ogre
  6983 | D:7      | Reached ** piety under Okawaru
  7201 | D:7      | Found a white marble altar of Elyvilon.
  7532 | D:8      | Found a glowing silver altar of Zin.
  7585 | D:8      | Found a shattered altar of Ashenzari.
  7850 | D:8      | Reached XP level 10. HP: 88/88 MP: 9/9
  7980 | D:9      | Found a runed translucent gate.
  8011 | D:9      | Found a staircase to the Orcish Mines.
  8075 | D:9      | Found a runed translucent gate.
  8075 | D:9      | Found a runed translucent gate.
  8079 | D:9      | Noticed demivan's ghost (novice DDFi)
  8079 | D:9      | Noticed demivan's ghost (novice MiFi)
  8079 | D:9      | Noticed Xerdoz's ghost (novice OpTm)
  8169 | D:9      | Reached skill level 11 in Long Blades
  8267 | D:9      | Reached *** piety under Okawaru
  8279 | D:9      | Found a staircase to the Lair.
  8863 | D:10     | Entered Level 10 of the Dungeon
  8908 | D:10     | Reached skill level 12 in Long Blades
 10233 | D:10     | Reached skill level 1 in Invocations
 10523 | D:10     | Found a shadowy altar of Dithmenos.
 10650 | D:11     | Noticed a seven-headed hydra
 10653 | D:11     | Noticed a manticore
 10672 | D:11     | Noticed a green ugly thing
 10687 | D:11     | Noticed a two-headed ogre
 10697 | D:11     | Killed a two-headed ogre
 10700 | D:11     | Reached **** piety under Okawaru
 10701 | D:11     | Slain by an ogre

Levels and vault maps discovered:
D:1:      lemuel_arrival_rhombus, layout_loops_corners
D:2:      layout_loops_ring, grunt_gozag_statues
D:3:      layout_basic, dancing_weapons_uskayaw, first_ration,
          hangedman_decor_growths
D:4:      layout_loops_ring, gup_sewer_entry_bowl
D:5:      layout_loops_corners, marbit_many_paths
D:6:      layout_loops_ring, minmay_temple_entry_proselytizer,
          lemuel_oklob_altar, uniq_grinder
D:7:      layout_gridville, nicolae_overflow_hidden_temple, serial_shops,
          kennysheep_mini, uniq_joseph
D:8:      layout_loops_cross, evilmike_ruin_ashenzari, zin_statuary,
          grunt_pizzeria
D:9:      layout_loops_ring, due_lair_maze_entry_diamond, orc_david_3,
          gammafunk_ghost_cemetery
D:10:     layout_cave_pools, grunt_dithmenos_smoke_and_mirrors
D:11:     dragon1_lemuel, layout_rooms
Temple:   nicolae_temple_no_exploring_needed

Skill      XL: |  1  2  3  4  5  6  7  8  9 10 |
---------------+-------------------------------+-----
Fighting       | 4 5 6 7 8 |  8.7
Shields        | 4 5 6 7 8 9 |  9.7
Long Blades    | 3 4 6 7 9 10 12 | 12.4
Armour         | 4 5 6 8 9 |  9.7
Dodging        | 1 2 3 4 |  4.0
Invocations    | 1 |  1.2
Stealth        | |  0.5

Action                   |  1- 3 |  4- 6 |  7- 9 | 10-12 || total
-------------------------+-------+-------+-------+-------++-------
Melee: Long sword        |    74 |   190 |   361 |   230 ||   855
       Headbutt          |    10 |    39 |    72 |    62 ||   183
Invok: Heroism           |       |       |     1 |     3 ||     4
Evoke: Wand              |       |       |       |     1 ||     1
  Use: Potion            |     3 |       |     3 |     3 ||     9
       Scroll            |       |     4 |     7 |     3 ||    14
  Eat: Chunk             |       |     8 |    27 |     6 ||    41
Armor: Scale mail        |    52 |   104 |    83 |       ||   239
       Chain mail        |       |       |    63 |   268 ||   331
Dodge: Dodged            |    33 |    84 |    91 |    68 ||   276
Block: Shield            |    60 |   112 |   174 |   182 ||   528
       Rpst.: Long sword |     7 |    18 |    26 |    18 ||    69
